 Dungeon Crawl Stone Soup version 0.25-a0-474-ga8a2ee3 (webtiles) character file.

Game seed: 11826703851244866813, levelgen mode: deterministic

12 15 the Grasshopper (level 2, -2/24 HPs)
             Began as a Centaur Warper on Feb 7, 2020.
             Slain by a hobgoblin
             ... wielding a +0 club
              (5 damage)
             ... on level 1 of the Dungeon.
             The game lasted 00:01:21 (309 turns).

15 the Grasshopper (Centaur Warper)                  Turns: 309, Time: 00:01:21

Health: -2/24      AC:  5    Str: 13    XL:     2   Next: 20%
Magic:  4/4        EV:  9    Int: 12    God:
Gold:   15         SH:  0    Dex:  8    Spells: 4/4 levels left

rFire    . . .     SeeInvis .   a - +0 mace
rCold    . . .     Gourm    .   (no shield)
rNeg     . . .     Faith    .   b - +0 leather armour
rPois    .         Spirit   .   j - +0 helmet
rElec    .         Reflect  .   (no cloak)
rCorr    .         Harm     .   (no gloves)
MR       .....                  (no barding)
Stlth    ..........             (no amulet)
HPRegen  0.08/turn              (no ring)
MPRegen  0.09/turn              (no ring)

@: very quick
A: large, hooves 3, deformed body, speed 2, tough skin 3
a: no special abilities


You were on level 1 of the Dungeon.
You were not hungry.

You visited 1 branch of the dungeon, and saw 1 of its levels.

You collected 15 gold pieces.

Inventory:

Hand Weapons
 a - a +0 mace (weapon)
Missiles
 e - 3 boomerangs of dispersal (quivered)
 g - 25 arrows
Armour
 b - a +0 leather armour (worn)
 j - a +0 helmet (worn)
Scrolls
 d - a scroll of blinking
 i - a scroll of remove curse {unknown}
Potions
 c - a potion of lignification {unknown}
Comestibles
 f - 2 rations
 h - 7 chunks of flesh


   Skills:
 * Level 2.0 Fighting
 * Level 1.7 Maces & Flails
 + Level 1.3 Throwing
 + Level 0.8 Armour
 * Level 1.6 Dodging
 * Level 1.9 Spellcasting
   Level 2.6 Translocations


You had 4 spell levels left.
You didn't know any spells.
Your spell library contained the following spells:

 Spells                   Type           Power        Failure   Level  Hunger
 Blink                    Tloc           N/A          17%         2    ###....
 Shroud of Golubria       Chrm/Tloc      #.....       30%         2    ###....
 Gell's Gravitas          Tloc           #.........   34%         3    ####...
 Lesser Beckoning         Tloc           #.........   34%         3    ####...
 Teleport Other           Tloc           #.......     34%         3    ####...
 Passage of Golubria      Tloc           N/A          75%         4    #####..


Dungeon Overview and Level Annotations

Branches:
Dungeon (1/15)

Altars:


Innate Abilities, Weirdness & Mutations

You have hooves in place of feet.
Armour fits poorly on your strangely shaped body.
You cover ground very quickly.
You have extremely tough skin. (AC +3)


Message History

The goblin closely misses you. The goblin hits you with a +0 dagger.
You sock the goblin!
You kill the goblin!
The kobold throws a stone.
The stone hits you but does no damage. The hobgoblin hits you with a +0 club.
The kobold throws a stone.
The stone hits you.
* * * LOW HITPOINT WARNING * * *
You see here a +0 dagger.
You closely miss the kobold.
The kobold is severely wounded.
The kobold barely misses you.
The hobgoblin hits you but does no damage.
The kobold hits you.
* * * LOW HITPOINT WARNING * * *
You hit the kobold.
You kill the kobold!
The hobgoblin hits you but does no damage.
You see here a stone.
The hobgoblin hits you with a +0 club.
You die...

.. ..# #.# ..##
#.. ?.. ##.###..#
# #..#.#..# .#
#..#.#..###..#
#...†.g..!..$
#...####..#####
##.@g)(........
#..###########
...####..#
.........#
..####.## ####.#
############....#
..##......##.####
#.#######.##.#


You could see a hobgoblin.

Vanquished Creatures
  A ball python (D:1)
  3 goblins (D:1)
  A hobgoblin (D:1)
  2 kobolds (D:1)
  3 bats (D:1)
  2 rats (D:1)
12 creatures vanquished.

Notes
Turn   | Place    | Note
-------+----------+-------------------------------------------
     0 | D:1      | 15 the Centaur Warper began the quest for the Orb.
     0 | D:1      | Reached XP level 1. HP: 17/17 MP: 3/3
   282 | D:1      | Reached XP level 2. HP: 22/24 MP: 4/4
   309 | D:1      | Slain by a hobgoblin

Levels and vault maps discovered:
D:1:      elethiomel_arrival_maze, layout_loops_ring,
          minmay_misc_feat_nine_boxes

Action                   || total
-------------------------++-------
Melee: Mace              ||    38
       Kick              ||     2
Throw: Boomerang         ||     2
Armor: Leather armour    ||    32
Dodge: Dodged            ||    34

Table legend:
 A = Non-vault XP
 B = Vault XP
 C = Vault XP percentage of total XP
 D = Non-vault monster count
 E = Vault monster count
 F = Vault count percentage of total count
                 A         B        C        D         E       F
            +---------+---------+-------+---------+---------+-------
      Total |      18 |       0 |   0.0 |      12 |       0 |   0.0
            +---------+---------+-------+---------+---------+-------
        D:1 |      18 |       0 |   0.0 |      12 |       0 |   0.0
            +---------+---------+-------+---------+---------+-------
